 Dungeon Crawl Stone Soup version 0.31-a0-986-g5e6e4ef867 (webtiles) character file.

Game seed: 1268450853326872019

3443 Firecrotchwizard the Thaumaturge (level 9, -15/47 HPs)
             Began as a Deep Elf Fire Elementalist on Nov 5, 2023.
             Was a Priest of Vehumet.
             Killed from afar by an acid dragon (32 damage)
             ... with a splash of acid
             ... on level 8 of the Dungeon.
             The game lasted 00:26:59 (10218 turns).

Firecrotchwizard the Thaumaturge (DEFE)            Turns: 10218, Time: 00:27:00

Health: -15/47     AC:  4    Str:  7    XL:     9   Next: 77%
Magic:  27/33      EV: 14    Int: 31    God:    Vehumet [***...]
Gold:   146        SH:  0    Dex: 15    Spells: 4/26 levels left

rFire   . . .        s - +3 dagger (freeze)
rCold   . . .        (no shield)
rNeg    . . .        a - +1 robe
rPois   .            (no helmet)
rElec   .            (no cloak)
rCorr   .            e - +0 pair of gloves of Starshine {Str+2}
SInv    .            (no boots)
Will    .....        (no amulet)
Stlth   ++           q - +6 ring of intelligence
HPRegen 0.27/turn    I - ring of magical power
MPRegen 0.23/turn

%: no passive effects
@: no status effects
A: no striking features
a: Renounce Religion


You were on level 8 of the Dungeon.
You worshipped Vehumet.
Vehumet was most pleased with you.
You visited 2 branches of the dungeon, and saw 9 of its levels.
You also visited: Sewer.

You collected 460 gold pieces.
You spent 314 gold pieces at shops.

Inventory:

Hand Weapons
 b - a +0 shortbow
 d - a +0 short sword
 s - a +3 dagger of freezing (weapon)
 E - the +4 trident "Fusathrurgh" {heavy, rF+ rC+ Stlth+}
   (You found it on level 5 of the Dungeon)

   rF+:       It protects you from fire.
   rC+:       It protects you from cold.
   Stlth+:    It makes you more stealthy.
 H - a +2 long sword of freezing
Missiles
 o - 11 poisoned darts
Armour
 a - a +1 robe (worn)
 e - the +0 pair of gloves of Starshine (worn) {Str+2}
   (You bought it in a shop on level 7 of the Dungeon)

   Str+2:     It affects your strength (+2).
 h - a +0 leather armour
Jewellery
 c - a ring of willpower
 m - a ring of ice
 q - a +6 ring of intelligence (left hand)
 C - a ring of resist corrosion
 F - a ring of protection from fire
 I - a ring of magical power (right hand)
 M - a ring of see invisible
Wands
 v - a wand of flame (21)
 D - a wand of paralysis (3)
 L - a wand of roots (14)
Scrolls
 f - 3 scrolls of fog
 g - a scroll of blinking
 i - 2 scrolls of identify
 j - a scroll of silence
 n - a scroll of fear
 r - a scroll of revelation
 t - 6 scrolls of teleportation
 u - a scroll of enchant armour
 K - a scroll of amnesia
Potions
 k - 4 potions of mutation
 l - a potion of enlightenment {unknown}
 p - 3 potions of lignification
 w - 2 potions of curing
 x - a potion of berserk rage {unknown}
 y - a potion of magic
 z - a potion of cancellation {unknown}
 A - 2 potions of invisibility {unknown}
 B - 2 potions of haste
 G - a potion of ambrosia {unknown}
 J - 2 potions of heal wounds {unknown}


   Skills:
 + Level 1.1 Fighting
 - Level 5.4 Dodging
 - Level 2.4 Stealth
 - Level 9.3 Spellcasting
 + Level 7.4 Conjurations
 - Level 2.0 Translocations
 - Level 7.8 Fire Magic
 - Level 2.0 Air Magic
 + Level 1.5 Earth Magic
 - Level 2.0 Poison Magic
 - Level 5.1 Evocations


You had 4 spell levels left.
You knew the following spells:

 Your Spells              Type           Power      Damage    Failure   Level
a - Foxfire               Conj/Fire      100%       2x1d9     1%          1
b - Scorch                Fire           100%       2d9       1%          2
c - Volatile Blastmotes   Fire/Tloc      90%        2d17      1%          3
d - Magic Dart            Conj           100%       1d8       1%          1
e - Mephitic Cloud        Conj/Pois/Air  38%        N/A       1%          3
f - Flame Wave            Conj/Fire      58%        2d14      1%          4
g - Lehudib's Crystal Sp  Conj/Erth      21%        10d6      100%        8

Your spell library contained the following spells:

 Spells                   Type           Power      Damage    Failure   Level
 Airstrike                Air            13%        2d(2-18)  4%          4
 Kiss of Death            Conj/Necr      100%       2d13      1%          1
 Inner Flame              Hex/Fire       38%        N/A       1%          3
 Necrotise                Necr           56%        1d6       3%          1
 Call Canine Familiar     Summ           14%        N/A       11%         3
 Confusing Touch          Hex            14%        N/A       11%         3
 Sigil of Binding         Hex            14%        N/A       11%         3
 Vampiric Draining        Necr           14%        2d7       11%         3
 Passage of Golubria      Tloc           26%        N/A       16%         4
 Dimensional Bullseye     Hex/Tloc       10%        N/A       24%         4
 Leda's Liquefaction      Hex/Erth       9%         N/A       26%         4
 Dispel Undead            Necr           14%        3d10      34%         4
 Silence                  Hex/Air        10%        N/A       54%         5
 Agony                    Necr           14%        N/A       69%         5


Dungeon Overview and Level Annotations

Branches:
Dungeon (8/15)             Temple (1/1) D:4           Sewer (visited)
   Lair: D:8-11

Altars:
Ashenzari
Cheibriados
Dithmenos
Fedhas
Gozag
Hepliaklqana
Kikubaaqudgha
Makhleb
Nemelex Xobeh
Qazlal
Ru
Sif Muna
Uskayaw
Vehumet
Wu Jian
Xom
Yredelemnul
Zin

Shops:
D:7 [!

Annotations:
D:3 exclusion: 3 gnolls


Message History

Your Earth Magic skill increases to level 1!
Casting: Scorch (safe; 1% risk of failure)
Confirm with . or Enter, or press ? or * to list all spells.
You conjure some foxfire!
The orc misses you.
Casting: Foxfire (safe; 1% risk of failure)
Confirm with . or Enter, or press ? or * to list all spells.
You conjure some foxfire!
The foxfire hits the orc.
You kill the orc!
Vehumet accepts your kill.
You feel your power returning.
The foxfire hits the orc.
The orc is lightly wounded.
Casting: Foxfire (safe; 1% risk of failure)
Confirm with . or Enter, or press ? or * to list all spells.
You conjure some foxfire!
The foxfire hits the orc but does no damage.
The orc is lightly wounded.
The foxfire hits the orc but does no damage.
The orc is lightly wounded.
You barely miss the orc.
The foxfire hits the orc!
You kill the orc!
Vehumet accepts your kill.
You feel your power returning.
No target in view!
Your foxfire dissipates!
Magic restored.
Items here: )) [ †.
Found a quarterstaff.
Unknown command.
Found a stone staircase leading down.
J - 2 glowing inky potions (gained 1)
An orc and an orc priest come into view.
An orc warrior comes into view. It is wielding a +0 glaive.
Casting: Foxfire (safe; 1% risk of failure)
Confirm with . or Enter, or press ? or * to list all spells.
You conjure some foxfire!
The orc warrior shouts!
The orc shouts!
You hear a shout! x4
Casting: Foxfire (safe; 1% risk of failure)
Confirm with . or Enter, or press ? or * to list all spells.
You conjure some foxfire!
The foxfire hits the orc.
The orc is lightly wounded.
The foxfire hits the orc.
The orc is almost dead.
Casting: Foxfire (safe; 1% risk of failure)
Confirm with . or Enter, or press ? or * to list all spells.
You conjure some foxfire!
The foxfire hits the orc!
You kill the orc!
Vehumet accepts your kill.
You feel your power returning.
Casting: Foxfire (safe; 1% risk of failure)
Confirm with . or Enter, or press ? or * to list all spells.
Flames lash the orc priest.
The orc priest is heavily wounded.
The orc priest's fire resistance burns away.
The foxfire hits the orc warrior.
The orc warrior is lightly wounded.
The foxfire hits the orc warrior.
The orc warrior is lightly wounded.
The foxfire hits the orc warrior.
The orc warrior is moderately wounded.
The orc priest calls down the wrath of Beogh upon you.
Beogh smites you!
The orc warrior hits you from afar with a +0 glaive.
An acid dragon comes into view.
The acid dragon roars!
Casting: Scorch (safe; 1% risk of failure)
Confirm with . or Enter, or press ? or * to list all spells.
Flames lash the orc priest.
The orc priest is burned terribly!
You kill the orc priest!
Vehumet accepts your kill.
You feel your power returning.
The orc warrior hits you from afar with a +0 glaive!
* * * LOW HITPOINT WARNING * * *
Casting: Scorch (safe; 1% risk of failure)
Confirm with . or Enter, or press ? or * to list all spells.
You conjure some foxfire!
The orc warrior hits you from afar with a +0 glaive!
* * * LOW HITPOINT WARNING * * *
Casting: Foxfire (safe; 1% risk of failure)
Confirm with . or Enter, or press ? or * to list all spells.
Flames lash the orc warrior.
The orc warrior is moderately wounded.
The orc warrior's fire resistance burns away.
The foxfire hits the orc warrior but does no damage.
The orc warrior is moderately wounded.
The foxfire hits the orc warrior!
The orc warrior is burned terribly!
The orc warrior is severely wounded.
The orc warrior hits you from afar with a +0 glaive.
* * * LOW HITPOINT WARNING * * *
Casting: Scorch (safe; 1% risk of failure)
Confirm with . or Enter, or press ? or * to list all spells.
Flames lash the orc warrior.
The orc warrior is burned terribly!
You kill the orc warrior!
Vehumet accepts your kill.
You feel your power returning.
Your Fighting skill increases to level 1!
You feel better. The acid dragon spits acid at you.
The splash of acid hits you!!
Ouch! That really hurt!
You die...

#........##.........##
#........##...........
#.....................
.##>..........###.##....
..................##....
#.................##....
##............)...##....
##.#)..................
# ##.@###.#.#.........
#.D..##.#.+.........
#)...##.#.#.......#.
....... .......
..##+##.. ..# #.#. ...
#.# . # ...# . .... .


You could see an acid dragon (catching breath).

Vanquished Creatures
  Prince Ribbit (D:6)
  A steam dragon (D:7)
  Menkaure (D:6)
  A water moccasin (D:6)
  Duvessa (D:7)
  A black bear (D:6)
  2 sky beasts
  4 orc warriors
  An ice beast (D:5)
  A centaur (D:5)
  3 ogres
  4 bullfrogs
  Dowan (D:7)
  4 wights (D:7)
  4 howler monkeys
  An electric eel (D:7)
  4 hounds
  A jelly (D:6)
  7 orc priests
  A gnoll bouda (D:5)
  3 iguanas
  4 orc wizards
  A sleepcap (D:5)
  20 adders
  3 gnolls (D:5)
  5 river rats (Sewer)
  A shadow imp (D:5)
  A white imp (D:7)
  4 ufetubi (D:7)
  2 worms
  2 dart slugs
  27 orcs
  5 endoplasms
  2 giant cockroaches
  5 goblins
  6 hobgoblins
  2 quokkas
  19 ball pythons
  7 bats
  6 frilled lizards
  10 kobolds
  33 rats
212 creatures vanquished.

Vanquished Creatures (others)
  506 foxfires
506 creatures vanquished.

Grand Total: 718 creatures vanquished

Notes
Turn   | Place    | Note
-------+----------+-------------------------------------------
     0 | D:1      | Firecrotchwizard the Deep Elf Fire Elementalist began the
                  | quest for the Orb.
     0 | D:1      | Reached XP level 1. HP: 10/10 MP: 6/6
   175 | D:1      | Reached XP level 2. HP: 15/15 MP: 6/8
   198 | D:1      | Learned a level 2 spell: Scorch
   605 | D:1      | Reached XP level 3. HP: 16/19 MP: 6/10
   924 | D:2      | Learned a level 3 spell: Volatile Blastmotes
  2053 | D:3      | Reached XP level 4. HP: 24/24 MP: 8/11
  2477 | D:3      | Identified the +0 hand axe of Tuibbianko {spect, rPois rN+
                  | Str-4}
  2484 | D:3      | Reached skill level 1 in Translocations
  2538 | D:3      | Found a basalt altar of Yredelemnul.
  2609 | D:3      | Reached skill level 4 in Spellcasting
  3211 | D:4      | Reached XP level 5. HP: 28/28 MP: 9/13
  3854 | D:4      | Found a staircase to the Ecumenical Temple.
  3873 | Temple   | Entered the Ecumenical Temple
  3899 | Temple   | Became a worshipper of Vehumet
  4237 | D:5      | Entered Level 5 of the Dungeon
  4267 | D:5      | Noticed an ice beast
  4271 | D:5      | Killed an ice beast
  4272 | D:5      | Reached XP level 6. HP: 32/32 MP: 5/15
  4367 | D:5      | Reached skill level 5 in Spellcasting
  4439 | D:5      | Found a glowing drain.
  4461 | D:5      | Reached skill level 5 in Fire Magic
  4557 | Sewer    | Entered a sewer
  4957 | Sewer    | Reached * piety under Vehumet
  4957 | Sewer    | Offered knowledge of Freeze by Vehumet.
  5036 | Sewer    | Reached XP level 7. HP: 36/36 MP: 15/17
  5371 | Sewer    | Reached ** piety under Vehumet
  5371 | Sewer    | Offered knowledge of Magic Dart by Vehumet.
  5373 | Sewer    | Reached skill level 6 in Spellcasting
  5408 | Sewer    | Learned a level 1 spell: Magic Dart
  5622 | D:5      | Reached skill level 5 in Dodging
  5870 | D:5      | Reached skill level 5 in Conjurations
  5906 | D:5      | Reached XP level 8. HP: 41/41 MP: 14/20
  5943 | D:5      | Found an ancient bone altar of Kikubaaqudgha.
  6171 | D:5      | Identified the +4 trident "Fusathrurgh" {heavy, rF+ rC+
                  | Stlth+}
  6388 | D:6      | Reached skill level 7 in Spellcasting
  6388 | D:6      | Reached skill level 1 in Evocations
  6580 | D:6      | Noticed Menkaure
  6590 | D:6      | Killed Menkaure
  6590 | D:6      | Offered knowledge of Mephitic Cloud by Vehumet.
  6595 | D:6      | Learned a level 3 spell: Mephitic Cloud
  6639 | D:6      | Noticed Prince Ribbit
  6644 | D:6      | Killed Prince Ribbit
  6645 | D:6      | Reached skill level 1 in Air Magic
  6645 | D:6      | Reached skill level 1 in Poison Magic
  6824 | D:6      | Learned a level 4 spell: Flame Wave
  6988 | D:6      | Found a blossoming altar of Fedhas.
  7141 | D:6      | Reached *** piety under Vehumet
  7302 | D:6      | Reached skill level 8 in Spellcasting
  7542 | D:6      | Reached XP level 9. HP: 28/45 MP: 23/23
  8067 | D:6      | HP: 2/45 [howler monkey (6)]
  8299 | D:7      | Identified a scroll of acquirement
  8299 | D:7      | Acquired a +6 ring of intelligence
  8534 | D:7      | Found Jovvez's Antique Armour Emporium.
  8556 | D:7      | Found Pukul's Distillery.
  8596 | D:7      | Bought a pair of bloodstained gloves for 275 gold pieces
  8596 | D:7      | Identified the +0 pair of gloves of Starshine {Str+2} (You
                  | bought it in a shop on level 7 of the Dungeon)
  8612 | D:7      | Bought a potion of curing for 39 gold pieces
  8954 | D:7      | Found a hide-covered altar of Uskayaw.
  9115 | D:7      | Reached skill level 9 in Spellcasting
  9451 | D:7      | Offered knowledge of Airstrike by Vehumet.
  9502 | D:7      | Reached skill level 5 in Evocations
  9801 | D:7      | Noticed Duvessa
  9801 | D:7      | Noticed Dowan
  9811 | D:7      | Killed Dowan
  9815 | D:7      | Killed Duvessa
 10074 | D:8      | Learned a level 8 spell: Lehudib's Crystal Spear
 10144 | D:8      | Reached skill level 1 in Earth Magic
 10218 | D:8      | Reached skill level 1 in Fighting
 10218 | D:8      | Killed from afar by an acid dragon

Illustrated notes

Levels and vault maps discovered:
D:1:      minmay_arrival_stone_box, layout_rooms, minmay_split_cup_small
D:2:      layout_basic, wad_orctagon
D:3:      layout_basic, mainiacjoe_overflow_24_doors
D:4:      layout_basic, minmay_temple_entry_stoned_glass
D:5:      layout_cave_pools, kennysheep_mini, cheibrodos_sewer_entry_drain,
          serial_rivers, chequers_serial_rivers_micro_a,
          chequers_serial_rivers_small_a, chequers_serial_rivers_room_a,
          chequers_serial_rivers_micro_c, nicolae_kite_square_tiling_tiny,
          moated_statue
D:6:      layout_basic, fedhas_altar_2, minmay_circle_x, uniq_prince_ribbit1,
          uniq_menkaure
D:7:      layout_basic, nicolae_overflow_crystal_walls,
          kennysheep_cross_bottleneck, nicolae_wooded_promenade, uniq_duvessa
D:8:      layout_basic, elyvilon_altar_1, gammafunk_temple_overflow_wave,
          trog_hazing_becter
Temple:   nicolae_temple_superstar

Skill      XL: |  1  2  3  4  5  6  7  8  9 |
---------------+----------------------------+-----
Dodging        | 3 4 5 |  5.4
Conjurations   | 2 3 4 5 6 7 |  7.4
Translocations | 1 2 |  2.0
Fire Magic     | 4 5 6 7 |  7.8
Spellcasting   | 4 5 6 8 9 |  9.3
Evocations     | 3 5 |  5.1
Air Magic      | 2 |  2.0
Poison Magic   | 2 |  2.0
Earth Magic    | 1 |  1.5
Fighting       | 1 |  1.1
Stealth        | |  2.4

Action                     |  1- 3 |  4- 6 |  7- 9 || total
---------------------------+-------+-------+-------++-------
  Melee: Short sword       |     9 |    18 |     1 ||    28
         Trident           |       |       |    10 ||    10
         Long sword        |       |       |     6 ||     6
         Dagger            |       |       |     1 ||     1
   Fire: Shortbow          |       |       |    11 ||    11
   Cast: Foxfire           |    42 |    87 |   177 ||   306
         Scorch            |    11 |    24 |    71 ||   106
         Flame Wave        |       |       |     1 ||     1
    Use: Scroll            |       |       |    15 ||    15
         Potion            |       |       |     1 ||     1
 Armour: Robe              |    11 |    11 |    49 ||    71
  Dodge: Dodged            |     9 |    15 |    72 ||    96

Table legend: (Time is in decaauts)
 A = Elapsed time spent in this place.
 B = Non-inter-level travel time spent in this place.
 C = Inter-level travel time spent in this place.
 D = Time resting spent in this place.
 E = Time spent auto-exploring this place.
 F = Levels seen in this place.
 G = Mean time per level.
                   A        B        C        D        E       F      G
               +--------+--------+--------+--------+--------+-----+--------+
         Total |  10302 |  10024 |    278 |   1968 |   6731 |  10 | 1030.2 |
       Dungeon |   9210 |   8964 |    246 |   1405 |   6506 |   8 | 1151.2 |
        Temple |     33 |      1 |     32 |      0 |      0 |   1 |   33.0 |
         Sewer |   1058 |   1058 |      0 |    563 |    225 |   1 | 1058.0 |
               +--------+--------+--------+--------+--------+-----+--------+

Top non-repeatable levels by time:
     D:6: 1917 daAuts
     D:7: 1767 daAuts
     D:3: 1340 daAuts
     D:5: 1113 daAuts
     D:2: 1112 daAuts
   Sewer: 1058 daAuts
     D:4: 996 daAuts
     D:1: 751 daAuts
     D:8: 211 daAuts
  Temple: 33 daAuts
